Cogmind - Beta 11 @@@ ROGUE MODE // 2022.03.24 @ 18:13:37 Player: Dytto Result: Destroyed by G-50 Soldier with Heavy Laser Performance ------------- Evolutions (2) 1000 Regions Visited (5) 1000 Robots Destroyed (14) 70 Value Destroyed (310) 310 Prototype IDs (23) 460 Alien Tech Used (0) 0 Bonus (300) 300 TOTAL SCORE: 3140 Bonus ------- Aligned with FarCom 300 Cogmind --------- Core Integrity 0/550 Matter 300/300 Energy 98/100 System Corruption 0% Temperature Cool (9) Movement Core (50) Location -8/Materials Parts ------- > --- POWER (2) -------- (None) > --- PROPULSION (4) --- (None) > --- UTILITY (3) ------ (None) > --- WEAPON (2) ------- (None) > --- INVENTORY (5) ---- Compact Wheel Disposable Heat Sink Beam Cannon Mining Laser Peak State ------------ > --- POWER ------------ Light Nuclear Core > --- PROPULSION ------- Flexi-carbon Leg Wheel > --- UTILITY ---------- High-capacity Battery Phase Shifter > --- WEAPON ----------- Beam Cannon Field Lobotomy Kit > --- INVENTORY -------- Light Ion Engine Compact Wheel Disposable Heat Sink Trap Extractor Mining Laser [Rating: 26] Favorites ----------- Power Light Nuclear Core Engine Light Ion Engine Power Core Light Nuclear Core Propulsion Wheel Leg Flexi-carbon Leg Wheel Wheel Utility High-capacity Battery Device Phase Shifter Storage High-capacity Battery Processor Signal Interpreter Protection Improved Light Armor Plating Weapon Beam Cannon Energy Gun Field Laser Energy Cannon Beam Cannon Ballistic Gun Assault Rifle Special Weapon Mining Laser Build | -11 -10 -10 -10 -9 -8 ------- Run | Scr Mat Min Exi Min Mat Slots Evolved 4 | . . . . . 4 Power 1 | . . . . . 1 Propulsion 2 | . . . . . 2 Utility 1 | . . . . . 1 Weapon . | . . . . . . Parts Attached 31 | 6 7 3 2 5 8 Power 5 | 1 1 1 . . 2 Engine 3 | 1 1 . . . 1 Core 2 | . . 1 . . 1 Reactor . | . . . . . . Propulsion 6 | 2 2 . . 2 . Treads . | . . . . . . Leg 2 | . . . . 2 . Wheel 4 | 2 2 . . . . Hover . | . . . . . . Flight . | . . . . . . Utility 6 | . 2 1 . 1 2 Device 1 | . . . . 1 . Storage 2 | . 2 . . . . Processor 2 | . . 1 . . 1 Hackware . | . . . . . . Protection 1 | . . . . . 1 Artifact . | . . . . . . Weapon 14 | 3 2 1 2 2 4 Energy Gun 5 | 2 1 . . . 2 Energy Cannon 3 | . 1 . 1 1 . Ballistic Gun 3 | 1 . . . . 2 Ballistic Cannon . | . . . . . . Launcher . | . . . . . . Special Weapon 3 | . . 1 1 1 . Impact Weapon . | . . . . . . Slashing Weapon . | . . . . . . Piercing Weapon . | . . . . . . Special Melee Weapon . | . . . . . . Unidentified Prototypes 1 | . . . 1 . . Parts Lost 15 | . 1 1 . . 13 Power 4 | . 1 . . . 3 Propulsion 2 | . . . . . 2 Utility 4 | . . . . . 4 Weapon 5 | . . 1 . . 4 Highest Loss Streak 10 | . 1 1 . . 10 To Critical Strikes . | . . . . . . Average Slot Usage (%) 89 | . 81 97 100 92 71 Engine 2 | . 14 2 . . 7 Core 11 | . . 11 14 14 7 Leg 11 | . . . . 18 16 Wheel 14 | . 27 28 28 8 . Device 5 | . . . . 9 6 Storage 12 | . 11 14 14 14 7 Processor 6 | . . 11 14 4 8 Energy Cannon 9 | . 10 14 13 7 3 Ballistic Gun 2 | . 14 1 . . 4 Special Weapon 10 | . . 12 14 14 3 Naked Turns 17 | . . . . . 17 Heaviest Build 21 | 7 14 14 20 21 19 Greatest Support 30 | 26 26 20 20 30 30 Greatest Overweight (x) 3 | . . . . 1 3 Average Overweight (x) . | . . . . . . Largest Inventory Capacity 5 | 5 5 5 5 5 5 Average Capacity 5 | 5 5 5 5 5 5 Most Carried 5 | 4 5 5 5 5 4 Average Carried 4 | 2 3 3 4 4 3 Final Capacity 5 | 5 5 5 5 5 5 Final Carried 5 | 4 4 5 5 4 4 Class Distribution -------------------- 57% | Mutant 42% | Scavenger-Mutant Dominant Class ---------------- Mutant | -10/Materials Mutant | -10/Mines Mutant | -10/Exiles Scavenger-Mutant | -9/Mines Scavenger-Mutant | -8/Materials Resources | -11 -10 -10 -10 -9 -8 ----------- Run | Scr Mat Min Exi Min Mat Matter Collected 534 | 260 97 58 . 70 49 Remotely . | . . . . . . Salvage Created 389 | . 127 101 . . 161 Parts 30 | . 17 3 . . 10 Haulers Intercepted . | . . . . . . Recyclers Shooed . | . . . . . . Parts Field Recycled . | . . . . . . Retrieved Matter . | . . . . . . Parts Self-Destructed . | . . . . . . Prevented . | . . . . . . Kills | -11 -10 -10 -10 -9 -8 ------- Run | Scr Mat Min Exi Min Mat Combat Hostiles Destroyed 14 | . 9 2 . . 3 Guns 9 | . 6 . . . 3 Cannons 5 | . 3 2 . . . Classes Destroyed 3 | . 1 1 . . 1 Swarmer 9 | . 9 . . . . Grunt 4 | . . 2 . . 2 Sentry 1 | . . . . . 1 Best Kill Streak 6 | . 6 1 . . 3 Combat Bots Only 6 | . 6 1 . . 3 Max Kills in Single Turn 2 | . 2 1 . . 2 Gunslinging 1 | . . . . . 1 Exploded . | . . . . . . Melee . | . . . . . . Uniques/NPCs Destroyed . | . . . . . . Combat | -11 -10 -10 -10 -9 -8 -------- Run | Scr Mat Min Exi Min Mat Damage Taken 2093 | . 187 247 . 21 1638 Core 638 | . 23 50 . . 565 Absorbed by Shields . | . . . . . . Regen/Repaired (Parts) 30 | . 30 . . . . Core Remaining (%) 85 | 100 . . . 70 . Volleys Fired 62 | . 9 20 . 23 10 Largest 2 | . 2 2 . 2 2 Hottest 100 | . 80 80 . 100 88 Shots Fired 97 | . 18 31 . 28 20 Gun 45 | . 14 11 . . 20 Cannon 25 | . 4 20 . 1 . Launcher . | . . . . . . Special 27 | . . . . 27 . Kinetic 30 | . 9 11 . . 10 Thermal 62 | . 9 20 . 23 10 Explosive . | . . . . . . Electromagnetic . | . . . . . . Robot Hit Streak 8 | . 6 7 . 1 8 Robot Miss Streak 3 | . 1 3 . 1 2 Penetration Max . | . . . . . . Secondary Targets 1 | . . . . . 1 Max Gunslinging Chain 1 | . . . . . 1 Shots Hit Robots 43 | . 11 16 . 1 15 Core Hits 21 | . 9 3 . . 9 Critical Kills 1 | . . . . . 1 Critical Parts Destroyed . | . . . . . . Critical Strikes 3 | . . . . . 3 Burn 2 | . . . . . 2 Destroy 1 | . . . . . 1 Melee Attacks . | . . . . . . Impact . | . . . . . . Slashing . | . . . . . . Piercing . | . . . . . . Sneak Attacks . | . . . . . . Combat Hostiles . | . . . . . . Follow-up Attacks . | . . . . . . Damage Inflicted 759 | . 178 249 . 2 330 Guns 475 | . 108 73 . . 294 Cannons 246 | . 70 176 . . . Explosions . | . . . . . . Melee . | . . . . . . Ramming 38 | . . . . 2 36 Kinetic 272 | . 59 73 . . 140 Thermal 449 | . 119 176 . . 154 Explosive . | . . . . . . Electromagnetic . | . . . . . . Impact . | . . . . . . Slashing . | . . . . . . Piercing . | . . . . . . Highest Corruption . | . . . . . . Average Corruption . | . . . . . . Corruption Purged . | . . . . . . Corruption Blocked . | . . . . . . Overload Shots . | . . . . . . Overflow Damage 8 | . . 8 . . . Projectiles 8 | . . 8 . . . Explosions . | . . . . . . Melee . | . . . . . . Knockbacks . | . . . . . . Impact . | . . . . . . Kinetic . | . . . . . . Secondary . | . . . . . . Self-Inflicted Damage 13 | . . . . 1 12 Shots . | . . . . . . Rammed 4 | . . . . 1 3 Targets Rammed 7 | . . . . 1 6 Kicked 3 | . . . . . 3 Crushed . | . . . . . . Highest Temperature 308 | . 72 255 . 173 308 Average Temperature 91 | . 24 103 . 89 112 Received Heat Transfer 1143 | . . 177 . 12 954 Effects 1 | . . . . . 1 Energy Bleed 1 | . . . . . 1 Siege Activations . | . . . . . . Robots Corrupted . | . . . . . . Combat Hostiles . | . . . . . . Parts Fried . | . . . . . . Impact Corruptions . | . . . . . . Robots Melted . | . . . . . . Combat Hostiles . | . . . . . . Parts Melted . | . . . . . . Heat Transferred 1147 | . 296 370 . . 481 Parts Sabotaged . | . . . . . . Parts Stolen . | . . . . . . Parts Stripped . | . . . . . . Power Chain Reactions . | . . . . . . Missiles Intercepted . | . . . . . . Alert | -11 -10 -10 -10 -9 -8 ------- Run | Scr Mat Min Exi Min Mat Peak Influence 145 | . 145 92 . 15 80 Initial 52 | . . 52 . . . Average 27 | . 100 81 . 2 23 Maximum Alert Level . | . . . . . . Low Security (%) 100 | 100 100 100 . 100 100 Level 1 . | . . . . . . Level 2 . | . . . . . . Level 3 . | . . . . . . Level 4 . | . . . . . . Level 5 . | . . . . . . High Security . | . . . . . . Max Security . | . . . . . . Squads Dispatched 5 | . . . . . 5 Investigation 1 | . . . . . 1 Extermination . | . . . . . . Reinforcement 2 | . . . . . 2 Assault . | . . . . . . Garrison 2 | . . . . . 2 Intercept . | . . . . . . Searches Triggered . | . . . . . . Construction Impeded 1 | . . . . . 1 Haulers Reinforced . | . . . . . . Active Scanning Responses . | . . . . . . Cargo Convoy Interrupts . | . . . . . . Stealth | -11 -10 -10 -10 -9 -8 --------- Run | Scr Mat Min Exi Min Mat Distress Signals 4 | . 1 . . . 3 Communications Jammed . | . . . . . . Distress Signals . | . . . . . . Times Spotted 45 | . 14 4 . 1 26 Peak Tracking Total 16 | . 5 2 . 1 16 Tactical Retreats 3 | . 1 1 . . 1 Traps | -11 -10 -10 -10 -9 -8 ------- Run | Scr Mat Min Exi Min Mat Traps Triggered 2 | . 1 . . . 1 Indirectly . | . . . . . . Trap Hack Attempts . | . . . . . . Triggered . | . . . . . . Disarmed . | . . . . . . Reprogrammed . | . . . . . . Reused . | . . . . . . Traps Extracted . | . . . . . . Installed . | . . . . . . Triggered . | . . . . . . Most Traps Carried 2 | . . 2 2 2 . Machines | -11 -10 -10 -10 -9 -8 ---------- Run | Scr Mat Min Exi Min Mat Machines Disabled . | . . . . . . Max in Single Turn . | . . . . . . Machines Sabotaged . | . . . . . . Garrisons Compromised . | . . . . . . Overloaded Fab Kills . | . . . . . . Hacking | -11 -10 -10 -10 -9 -8 --------- Run | Scr Mat Min Exi Min Mat Machines Accessed 12 | . 5 . 5 . 2 Terminals 5 | . 4 . . . 1 Fabricators . | . . . . . . Repair Stations 1 | . 1 . . . . Recycling Units . | . . . . . . Scanalyzers 1 | . . . . . 1 Garrison Access . | . . . . . . Total Hacks 64 | . 8 . 50 . 6 Successful 61 | . 6 . 50 . 5 Failed 3 | . 2 . . . 1 Catastrophic . | . . . . . . Database Lockouts . | . . . . . . Manual 4 | . 1 . 2 . 1 Terminals 10 | . 6 . . . 4 Fabricators . | . . . . . . Repair Stations 2 | . 2 . . . . Recycling Units . | . . . . . . Scanalyzers 2 | . . . . . 2 Garrison Access . | . . . . . . Terminal Hacks 57 | . 4 . 50 . 3 Record 54 | . 2 . 49 . 3 Alert Level 1 | . 1 . . . . Registered Components 1 | . 1 . . . . EX-Prototype ID Bank 1 | . . . 1 . . Fabricator Hacks . | . . . . . . Repair Station Hacks 2 | . 2 . . . . Scan Component 1 | . 1 . . . . Repair 1 | . 1 . . . . Recycling Unit Hacks . | . . . . . . Scanalyzer 2 | . . . . . 2 Insert Component 1 | . . . . . 1 Analyze 1 | . . . . . 1 Garrison Access Hacks . | . . . . . . Unauthorized Hacks . | . . . . . . Terminals . | . . . . . . Fabricators . | . . . . . . Repair Stations . | . . . . . . Recycling Units . | . . . . . . Scanalyzers . | . . . . . . Garrison Access . | . . . . . . Data Cores Recovered . | . . . . . . Used . | . . . . . . Hacking Detections 5 | . 3 . . . 2 Full Trace Events . | . . . . . . Feedback Events . | . . . . . . Feedback Blocked . | . . . . . . Robot Schematics Acquired . | . . . . . . Robots Built . | . . . . . . Authchips . | . . . . . . Time . | . . . . . . Total Robot Build Rating . | . . . . . . Part Schematics Acquired 1 | . . . . . 1 Parts Built . | . . . . . . Authchips . | . . . . . . Time . | . . . . . . Total Part Build Rating . | . . . . . . Parts Repaired 1 | . 1 . . . . Time 26 | . 26 . . . . Parts Recycled . | . . . . . . Recycled Matter . | . . . . . . Retrieved Matter . | . . . . . . Retrieved Components . | . . . . . . Parts Scanalyzed 1 | . . . . . 1 Part Schematics Acquired 1 | . . . . . 1 Parts Damaged . | . . . . . . Bothacking | -11 -10 -10 -10 -9 -8 ------------ Run | Scr Mat Min Exi Min Mat Used RIF Installer . | . . . . . . Robots Hacked . | . . . . . . Non-combat . | . . . . . . Combat . | . . . . . . Robot Hacks Applied . | . . . . . . Relay Couplers Released . | . . . . . . Fabnet Peak Effective % . | . . . . . . Robots Rewired . | . . . . . . Allies Hacked . | . . . . . . Hacks Repelled . | . . . . . . Allies | -11 -10 -10 -10 -9 -8 -------- Run | Scr Mat Min Exi Min Mat Total Allies 1 | . . . . 1 . Largest Group 1 | . . . . 1 . Highest-Rated Group 8 | . . . . 8 . Highest-Rated Ally 8 | . . . . 8 . Total Orders 1 | . . . . 1 . ROAM 1 | . . . . 1 . Ally Attacks . | . . . . . . Total Damage . | . . . . . . Kills . | . . . . . . Allies Corrupted . | . . . . . . Allies Melted . | . . . . . . Field Lobotomies 1 | . . . . 1 . Intel | -11 -10 -10 -10 -9 -8 ------- Run | Scr Mat Min Exi Min Mat Robot Analysis Total . | . . . . . . Derelict Logs Recovered 2 | . . 1 . 1 . Drone Launches . | . . . . . . Drone Recoveries . | . . . . . . Exploration | -11 -10 -10 -10 -9 -8 ------------- Run | Scr Mat Min Exi Min Mat Turns Passed 4492 | 60 513 431 649 2226 613 Spaces Moved 3274 | 53 445 453 803 1217 303 Core 53 | 1 . . . . 52 Treads . | . . . . . . Legs 968 | . . . . 717 251 Wheels 2253 | 52 445 453 803 500 . Hover . | . . . . . . Flight . | . . . . . . Fastest Speed 50 | 50 80 80 80 80 50 Average Speed 93 | 89 86 80 80 105 115 Slowest Speed 200 | 100 90 80 80 190 200 Overloaded Moves . | . . . . . . Propulsion Burnouts . | . . . . . . Robots Hopped . | . . . . . . Cave-ins Triggered . | . . . . . . Exploration Rate (%) 59 | 4 60 73 93 100 26 Regions Visited 5 Branch Regions 3 Pre-discovered Areas 1 | . . . 1 . . Known Exits Taken 3 | . . 1 1 1 . Unknown Exits Taken 2 | 1 1 . . . . Scrap Searched 3 | . . 1 . 2 . Spaces Dug 5 | . . . . 5 . Terrain Destroyed 5 | . . . . 5 . Melee . | . . . . . . Projectile 5 | . . . . 5 . AOE . | . . . . . . Terrain Rammed . | . . . . . . Walls Destroyed . | . . . . . . Machines Disabled . | . . . . . . Actions | -11 -10 -10 -10 -9 -8 --------- Run | Scr Mat Min Exi Min Mat Total 4542 | 62 556 490 809 2079 546 Wait 1136 | . 83 11 . 825 217 Move 3269 | 52 444 452 802 1216 303 Hop . | . . . . . . Pick Up 19 | 4 6 3 2 3 1 Fast Attach 17 | 5 3 . 1 3 5 Attach 7 | . 1 3 . 1 2 Detach 4 | . 1 1 . 1 1 Swap 7 | 1 3 . 1 1 1 Drop 14 | . 6 . 3 5 . Fire 62 | . 9 20 . 23 10 Melee . | . . . . . . Ram 4 | . . . . 1 3 Kick 3 | . . . . . 3 Crush . | . . . . . . Escape Stasis . | . . . . . . Rewire . | . . . . . . Trap . | . . . . . . Miscellaneous . | . . . . . . Route ------- -11/Scrapyard -10/Materials (discovered 3 exits: [*Mat x2] / [*Min]) -10/Mines (discovered 2 exits: [*Mat] / *Exi) -10/Exiles (discovered 2 exits: *Min x2) -9/Mines (discovered 2 exits: *Mat x2) -8/Materials (discovered 1 exit: Fac) History --------- Turn | Location | Event 25 | -11/Scrapyard | Discovered new exit (range 15) 61 | -11/Scrapyard | Entered Materials 224 | -10/Materials | Discovered new exit (range 5) 304 | -10/Materials | Repaired Wheel 325 | -10/Materials | Build established: Mutant 490 | -10/Materials | Discovered new exit (range 6) 560 | -10/Materials | Discovered new exit (range 15) 574 | -10/Materials | Entered Mines 577 | -10/Mines | Met a Derelict bent on vengeance 703 | -10/Mines | Deemed a non-threat by the Exiles lab entrance 703 | -10/Mines | Discovered new exit (range 5) 733 | -10/Mines | Learned location of 1 exit from Materials 852 | -10/Mines | Discovered new exit (range 13) 935 | -10/Mines | Found a hidden stash of uninstalled traps 1003 | -10/Mines | Identified exit to Exiles 1005 | -10/Mines | Entered Exiles 1021 | -10/Exiles | Discovered new exit (range 15) 1046 | -10/Exiles | Met 8R-AWN 1059 | -10/Exiles | Met EX-HEX 1094 | -10/Exiles | Met EX-BIN 1113 | -10/Exiles | Aligned with FarCom system 1114 | -10/Exiles | Given EX-Vault access code 1150 | -10/Exiles | Opened EX-Vault 1158 | -10/Exiles | Found Prototype Special Weapon 1158 | -10/Exiles | Identified Field Lobotomy Kit 1193 | -10/Exiles | Warned to stay clear of 0b10 Research branches 1253 | -10/Exiles | Met EX-DEC 1290 | -10/Exiles | Visited The Gauntlet 1393 | -10/Exiles | Learned location of Zion (-7) 1447 | -10/Exiles | Discovered new exit (range 14) 1458 | -10/Exiles | Identified exit to Mines 1654 | -10/Exiles | Left Exiles lab with Field Lobotomy Kit 1654 | -10/Exiles | Entered Mines 1682 | -9/Mines | Received a Rocket Launcher from a helpful Derelict 1691 | -9/Mines | Discovered new exit (range 9) 1697 | -9/Mines | Identified exit to Materials 2013 | -9/Mines | Learned Materials security intel 2017 | -9/Mines | Assembled infested the area 2022 | -9/Mines | Assisted by a Guerilla fighting off Assembled 2498 | -9/Mines | Assimilated G-34 Mercenary with FLK Orb 2819 | -9/Mines | Build established: Scavenger-Mutant 2852 | -9/Mines | Discovered exit to Materials (range 13) 3880 | -9/Mines | Entered Materials 3880 | -8/Materials | Evolved 4 slots: Power x1, Propulsion x2, Utility x1 3881 | -8/Materials | Identified exit to Factory 4320 | -8/Materials | Garrison activated, responded to threat 4470 | -8/Materials | Core integrity fell below 50% 4484 | -8/Materials | Core integrity fell below 20% 4493 | -8/Materials | Destroyed by G-50 Soldier with Heavy Laser Last Messages --------------- 04450_ K-01 Serf collects debris. 04454_ G-47 Trooper destroyed. 04457_ Critical hit (Burn: +37). 04461_ Acquired Pulse Rifle. 04463_ Targeting Computer destroyed. 04466_ Minigun destroyed. 04467_ Critical hit (Burn: +37). 04467_ Lgt. Nuclear Core destroyed. 04469_ Critical hit (Burn: +37). 04471_ W-25 Informer sends out distress signal. 04474_ K-01 Serf collects debris. 04475_ Imp. Light Armor Plating destroyed. 04476_ Pulse Rifle destroyed. 04481_ Critical hit (Burn: +37). 04487_ Slammed into Y-45 Defender. 04489_ W-25 Informer sends out distress signal. 04491_ Slammed into U-05 Engineer. 04492_ ALERT: Construction progress impeded, dispatching reinforcements to local area. 04492_ Critical hit (Burn: +37). Map ----- +----------------------------------------------------+ | ???+############ """ # ###########??????? | | ? """ # #????????????????? | | ? #####/###????????????????? | | ? ! #???# #??????????????????? | | ??#+#############+#######???# #??????????????????? | | ???????????# ###### #??????????????????? | | ???????????# """ %# # #????????????????#?? | | ???????????# """"" # # #???????????????? ?? | | ???????????# """""%*# + #???#+###+###???? ?? | | ???????????#= """"" # # #???# #???? ?? | | ???????????# ! " " !# # ##### #??##/## | | ???????????# +! / #??# | | ???????????############# ####/#### #??# "" | | ???????????????????????# !#? ??# #??# "" | | ??????????????g???g????# ## ??# #??# "" | | ????????????????g??????#######! = ?# ####[ "" | | ?????????????????????????????? ?# =%/%= | | ?????????????????????????????######## =|#! | | ?????????????????????????????# # ##/## | | ?????????????????????????????# # # # | | ?????????????????????????????# """ # # # | | ?????????????????????????????# """ # # # | | ?????????????????????????????# """ # g! w ## | | ?????????????????????????????# # gb! #? | | ?????????????????????##+#########Y###gg= #? | | ?????????????????????# w@ %u g% g g #? | | ?????????????? g g############## g #? | | ??????????#== g ?????????????# #? | | ???????????]] T [!??????????????# #? | | ???????????]] [!??????????????# #/##### | | ????????????? [???????????????# # | | ????????????= ???????????????# + ! | | ????????????### ! ????????????????###### | | ??????????????# ?????????????????????# """ | | ??????????????# ??????????????????????# """ | | ??????????????####+##??????????????????????# """ | | ???????????????????????????????????????????####### | | ?????????????????????????????Y???????????????????? | | ?????????????????????????????????????????????????? | | ?????????????????????????????????????????????????? | | ?????????????????????????????????????????????????? | | ?????????????????????????????????????????????????? | | ?????????????????????????????????????????????????? | | ?????????????????????????????????????????????????? | | ?????????????????????????????????????????????????? | | ?????????????????????????????????????????????????? | | ?????????????????????????????????????????????????? | | ?????????????????????????????????????????????????? | | ?????????????????????????????????????????????????? | | ?????????????????????????????????????????????????? | +----------------------------------------------------+ Best States ------------- Heat Dissipation 31 Energy Generation 19 Energy Capacity 500 Matter Stores 300 Matter Capacity 500 Sight Range 16 Terrain Scan Density 10 Armor Coverage 150 Phase Shifting 5 Evasion (%) 60 Targeting Accuracy 5 Item Schematics ----------------- Disposable Heat Sink | -8/Materials | Scanalyzed Robot Schematics ------------------ None Fabricated ------------ Nothing Alien Tech Used ----------------- None Achievements -------------- None Challenges ------------ None Game ------ Seed BladeBurstExtractor Manual? 0 Play Time 00:49:07 Cumulative 16.9 hours Start 2022.03.24 @ 13:22:45 End 2022.03.24 @ 18:13:37 Sessions 2 Manual Loads 0 Difficulty Rogue Special Mode None Game No. 57 Rogue 21 Adventurer 36 Explorer 0 Win Type - Total 0 Types 0/0/0/0/0/0/0/0/0 Lore% 14 Gallery% 19 Achievement% 15 Wizard Run 0 Options --------- ASCII 0 Keyboard 1 Movement Numpad Keybinds 0 Fullscreen 2 Font 18/X11Bold Map View 76x50 Tactical HUD 1 Map Filters NONE Filters NONE Steam 1 RUN: 5920bd77-4fdf-4e49-8206-b658a0407b9a